 Dungeon Crawl Stone Soup version 0.29.1-1-gd02db6906a (webtiles) character file.

Game seed: 15518449377293067791

99 RogueRain17 the Changer (level 4, -2/34 HPs)
             Began as a Gnoll Wanderer on Sept 16, 2022.
             Frozen to death by an endoplasm (5 damage)
             ... on level 3 of the Dungeon.
             The game lasted 00:08:29 (3510 turns).

RogueRain17 the Changer (Gnoll Wanderer)            Turns: 3510, Time: 00:08:31

Health: -2/34      AC:  2    Str: 11    XL:     4   Next: 72%
Magic:  11/11      EV: 11    Int: 15    God:
Gold:   99         SH:  0    Dex: 10    Spells: 11/13 levels left

rFire   . . .      SeeInvis .   a - +0 dagger
rCold   . . .      Faith    .   (no shield)
rNeg    . . .      Spirit   .   c - +0 robe
rPois   .          Reflect  .   (helmet currently unavailable)
rElec   .          Harm     .   (no cloak)
rCorr   .          Rampage  .   (no gloves)
Will    .....                   (boots currently unavailable)
Stlth   ++........              (no amulet)
HPRegen 0.11/turn               (no ring)
MPRegen 0.12/turn               (no ring)

@: lethally poisoned (-2 -> -14), appendages (expiring)
A: horns 2, talons 2, fangs 1, strong nose, distributed training
a: End Transformation


You were on level 3 of the Dungeon.
You had temporarily grown beastly horns and talons.
You visited 1 branch of the dungeon, and saw 3 of its levels.

You collected 99 gold pieces.

Inventory:

Hand Weapons
 a - a +0 dagger (weapon)
 s - a +0 sling
Missiles
 q - a throwing net
 y - 5 poisoned darts (quivered)
Armour
 c - a +0 robe (worn)
 t - a +0 pair of boots (melded)
 v - a +0 helmet (melded)
 w - the +5 chain mail of Litrot {Will- Str+7 Dex+3 SInv}
   (You found it on level 3 of the Dungeon)

   Str:       It affects your strength (+7).
   Dex:       It affects your dexterity (+3).
   SInv:      It lets you see invisible.
   Will:      It decreases your willpower.
Jewellery
 z - a +6 ring of strength
 A - a ring of fire
Scrolls
 b - a scroll of blinking
 g - 2 scrolls of vulnerability {unknown}
 h - 3 scrolls of teleportation {unknown}
 i - a scroll of identify {unknown}
 j - a scroll of immolation {unknown}
 k - a scroll of enchant weapon {unknown}
 l - a scroll of enchant armour {unknown}
 p - 4 scrolls of noise {unknown}
 r - a scroll of magic mapping {unknown}
 x - a scroll of brand weapon {unknown}
Potions
 d - 2 potions of attraction
 e - a potion of might {unknown}
 f - a potion of cancellation {unknown}
 m - 2 potions of heal wounds
 n - 2 potions of haste {unknown}
 o - 2 potions of curing {unknown}
 u - a potion of ambrosia {unknown}


   Skills:
 + Level 2.8 Fighting
 + Level 1.2 Short Blades
 + Level 1.2 Long Blades
 + Level 1.2 Axes
 + Level 1.2 Maces & Flails
 + Level 1.2 Polearms
 + Level 1.2 Staves
 + Level 1.2 Ranged Weapons
 + Level 1.2 Throwing
 + Level 1.2 Armour
 + Level 1.2 Dodging
 + Level 2.6 Stealth
 + Level 1.2 Shields
 + Level 1.2 Unarmed Combat
 + Level 5.1 Spellcasting
 + Level 1.0 Conjurations
 + Level 1.0 Hexes
 + Level 1.0 Summonings
 + Level 1.0 Necromancy
 + Level 1.0 Translocations
 + Level 5.5 Transmutations
 + Level 1.0 Fire Magic
 + Level 1.0 Ice Magic
 + Level 1.0 Air Magic
 + Level 3.9 Earth Magic
 + Level 1.0 Poison Magic
 + Level 2.9 Invocations
 + Level 1.2 Evocations


You had 11 spell levels left.
You knew the following spells:

 Your Spells              Type           Power      Damage    Failure   Level
a - Beastly Appendage     Tmut           40%        N/A       1%          1
b - Sting                 Tmut/Pois      52%        1d5       4%          1

Your spell library contained the following spells:

 Spells                   Type           Power      Damage    Failure   Level
 Sandblast                Erth           30%        2d9       3%          1
 Ignite Poison            Fire/Tmut/Pois 11%        N/A       17%         3
 Stone Arrow              Conj/Erth      22%        3d8       17%         3
 Call Canine Familiar     Summ           7%         N/A       30%         3
 Portal Projectile        Hex/Tloc       14%        N/A       30%         3
 Animate Armour           Summ/Erth      22%        N/A       50%         4
 Leda's Liquefaction      Hex/Erth       5%         N/A       50%         4
 Lehudib's Crystal Spear  Conj/Erth      5%         10d3      100%        8


Dungeon Overview and Level Annotations

Branches:
Dungeon (3/15)

Altars:
Kikubaaqudgha

Shops:
D:3 *


Innate Abilities, Weirdness & Mutations

You have temporarily grown beastly horns and talons.
You have very sharp teeth.
Your uncanny sense of smell can sniff out nearby items.
Your experience applies equally to all skills.


Message History

The orc is heavily wounded.
The orc barely misses you.
You barely miss the orc. Your bite misses the orc.
The orc is heavily wounded.
The orc misses you.
You hit the orc.
You kill the orc!
You see here a +0 falchion.
You open the large door.
A kobold and an endoplasm come into view.
The kobold is wielding a +1 dagger of venom.
There are monsters nearby!
The kobold shouts!
The endoplasm barely misses you.
The kobold hits you with a +1 dagger of venom.
You are poisoned.
There is a large open door here.
You barely miss the kobold. Your kick misses the kobold.
Your headbutt misses the kobold. Your bite misses the kobold.
You feel sick. The endoplasm closely misses you.
The kobold hits you with a +1 dagger of venom.
You are more poisoned.
You closely miss the kobold. You claw the kobold.
The kobold is moderately wounded.
You feel very sick. The endoplasm freezes you.
You are frozen.
The kobold hits you with a +1 dagger of venom.
You are more poisoned.
You feel very sick.
Your transformation is almost over.
* * * LOW HITPOINT WARNING * * *
You feel very sick.
You hit the endoplasm. You claw the endoplasm.
The endoplasm is heavily wounded.
* * * LOW HITPOINT WARNING * * *
You feel very sick. The endoplasm freezes you.
You are frozen.
You die...

## ##...≈# ##.....##.#..# #
#...≈######............# ##
##...≈#.......#.#++#.#..#
.###....≈#......... #....#
.....⌠..≈#.......### ###†.#
........≈#.......'.#∆∆#.'..#
........≈# ###K'.#∆∆#.'..#
≈≈≈≈≈≈≈≈≈# #J########.##
########## #@..#..#...# ∆
#.#.#''#.#.# #......)...#
############


You could see an endoplasm and a kobold.

Vanquished Creatures
  3 adders (D:3)
  3 worms
  A dart slug (D:2)
  An orc (D:3)
  4 bats
  8 endoplasms
  2 giant cockroaches (D:1)
  6 hobgoblins
  6 kobolds
  3 quokkas (D:1)
  5 ball pythons
  A frilled lizard (D:2)
  5 goblins
  9 rats
57 creatures vanquished.

Notes
Turn   | Place    | Note
-------+----------+-------------------------------------------
     0 | D:1      | RogueRain17 the Gnoll Wanderer began the quest for the Orb.
     0 | D:1      | RogueRain17 set off with the following items: a +0 dagger,
                  | a scroll of blinking, a +0 robe, a potion of attraction;
                  | and the following spells available to memorise: Beastly
                  | Appendage, Sandblast, Sting, Ignite Poison, Stone Arrow.
     0 | D:1      | Reached XP level 1. HP: 17/17 MP: 6/6
     2 | D:1      | Learned a level 1 spell: Beastly Appendage
    87 | D:1      | Reached XP level 2. HP: 18/23 MP: 5/7
   691 | D:1      | Found a faded altar of an unknown god.
   747 | D:1      | Reached skill level 5 in Spellcasting
   747 | D:1      | Reached XP level 3. HP: 9/28 MP: 7/9
  1795 | D:2      | Learned a level 1 spell: Sting
  2199 | D:2      | Reached skill level 1 in Short Blades
  2199 | D:2      | Reached skill level 1 in Long Blades
  2199 | D:2      | Reached skill level 1 in Axes
  2199 | D:2      | Reached skill level 1 in Maces & Flails
  2199 | D:2      | Reached skill level 1 in Polearms
  2199 | D:2      | Reached skill level 1 in Staves
  2199 | D:2      | Reached skill level 1 in Ranged Weapons
  2199 | D:2      | Reached skill level 1 in Throwing
  2199 | D:2      | Reached skill level 1 in Armour
  2199 | D:2      | Reached skill level 1 in Dodging
  2199 | D:2      | Reached skill level 1 in Shields
  2199 | D:2      | Reached skill level 1 in Unarmed Combat
  2199 | D:2      | Reached skill level 1 in Evocations
  2666 | D:3      | Identified the +5 chain mail of Litrot {Will- Str+7 Dex+3
                  | SInv}
  2677 | D:3      | Reached XP level 4. HP: 32/34 MP: 11/11
  3055 | D:3      | Found Wuzetiguck's General Store.
  3152 | D:3      | Found an ancient bone altar of Kikubaaqudgha.
  3306 | D:3      | Reached skill level 1 in Conjurations
  3306 | D:3      | Reached skill level 1 in Hexes
  3306 | D:3      | Reached skill level 1 in Summonings
  3306 | D:3      | Reached skill level 1 in Necromancy
  3306 | D:3      | Reached skill level 1 in Translocations
  3306 | D:3      | Reached skill level 1 in Fire Magic
  3306 | D:3      | Reached skill level 1 in Ice Magic
  3306 | D:3      | Reached skill level 1 in Air Magic
  3306 | D:3      | Reached skill level 1 in Poison Magic
  3510 | D:3      | Frozen to death by an endoplasm

Illustrated notes

Levels and vault maps discovered:
D:1:      saegor_arrival_under_anarchy, layout_rooms,
          shapermc_ecumenical_altar_flowoftime, minmay_misc_feat_doors
D:2:      layout_basic
D:3:      layout_basic, nicolae_overflow_hidden_temple, serial_shops,
          nicolae_shop_stone, chequers_jeans, minmay_misc_feat_cross,
          glass_columns_b, kennysheep_path_1, minmay_mini_jars

Skill      XL: |  1  2  3  4 |
---------------+-------------+-----
Spellcasting   | 5 |  5.1
Short Blades   | 1 |  1.2
Long Blades    | 1 |  1.2
Axes           | 1 |  1.2
Maces & Flails | 1 |  1.2
Polearms       | 1 |  1.2
Staves         | 1 |  1.2
Ranged Weapons | 1 |  1.2
Throwing       | 1 |  1.2
Armour         | 1 |  1.2
Dodging        | 1 |  1.2
Shields        | 1 |  1.2
Unarmed Combat | 1 |  1.2
Evocations     | 1 |  1.2
Conjurations   | 1 |  1.0
Hexes          | 1 |  1.0
Summonings     | 1 |  1.0
Necromancy     | 1 |  1.0
Translocations | 1 |  1.0
Fire Magic     | 1 |  1.0
Ice Magic      | 1 |  1.0
Air Magic      | 1 |  1.0
Poison Magic   | 1 |  1.0
Fighting       | |  2.8
Stealth        | |  2.6
Transmutations | |  5.5
Earth Magic    | |  3.9
Invocations    | |  2.9

Action                   |  1- 3 |  4- 6 || total
-------------------------+-------+-------++-------
Melee: Dagger            |   123 |    44 ||   167
       Kick              |    24 |     3 ||    27
       Headbutt          |    12 |     6 ||    18
       Bite              |    10 |     5 ||    15
       Punch             |     2 |       ||     2
Throw: Dart              |       |    15 ||    15
 Cast: Beastly Appendage |    12 |     3 ||    15
       Sting             |    16 |       ||    16
 Abil: End Transformatio |     1 |       ||     1
  Use: Potion            |       |     1 ||     1
 Stab: Sleeping          |     3 |       ||     3
Armor: Robe              |    25 |     6 ||    31
Dodge: Dodged            |    52 |    24 ||    76
